 Dungeon Crawl Stone Soup version 0.23.0-28-g6fe0f4d (webtiles) character file.

Game seed: 5167504462564820085

168 Folque the Digger (level 5, -1/41 HPs)
             Began as a Draconian Earth Elementalist on Feb 25, 2019.
             Slain by an ogre
             ... wielding a +0 giant club
              (10 damage)
             ... on level 4 of the Dungeon.
             The game lasted 00:09:22 (2794 turns).

Folque the Digger (Draconian Earth Elementalist)    Turns: 2794, Time: 00:09:23

Health: -1/41      AC:  6    Str: 10    XL:     5   Next: 24%
Magic:  0/10       EV: 12    Int: 16    God:
Gold:   187        SH:  0    Dex: 12    Spells: 5/11 levels left

rFire    . . .     SeeInvis .   f - +1 short sword
rCold    . . .     Gourm    .   (no shield)
rNeg     . . .     Faith    .   (armour unavailable)
rPois    .         Spirit   .   (helmet restricted)
rElec    .         Reflect  .   (no cloak)
rCorr    .         Harm     .   j - +0 pair of gloves
MR       .....                  (no boots)
Stlth    ++........             (no amulet)
HPRegen  0.13/turn              (no ring)
MPRegen  0.12/turn              (no ring)

@: lethally poisoned (-1 -> -3)
A: unfitting armour, cold-blooded, AC +5
a: no special abilities


You were on level 4 of the Dungeon.
You were not hungry.

You visited 1 branch of the dungeon, and saw 4 of its levels.

You collected 187 gold pieces.

Inventory:

Hand Weapons
 f - a +1 short sword (weapon)
Missiles
 b - 47 stones (quivered)
Armour
 j - a +0 pair of gloves (worn)
Jewellery
 g - an uncursed ring of stealth {unknown}
 n - a +1 ring of slaying {unknown}
Scrolls
 a - a scroll of enchant weapon
 d - 7 scrolls of identify
 m - a scroll of fog {unknown}
 p - a scroll of amnesia {unknown}
Potions
 o - a potion of agility {unknown}
Comestibles
 c - 2 rations


   Skills:
 - Level 2.0 Fighting
 - Level 1.7 Dodging
 - Level 1.7 Stealth
 * Level 3.6 Spellcasting
 - Level 1.0 Conjurations
 - Level 1.0 Transmutations
 + Level 4.2 Earth Magic


You had 5 spell levels left.
You knew the following spells:

 Your Spells              Type           Power        Failure   Level  Hunger
a - Sandblast             Erth           ###...       3%          1    None
b - Passwall              Tmut/Erth      ##......     9%          2    ##.....
c - Stone Arrow           Conj/Erth      ##....       19%         3    ###....

Your spell library contained the following spells:

 Spells                   Type           Power        Failure   Level  Hunger
 Confusing Touch          Hex            #.....       19%         1    None
 Confuse                  Hex            #.......     47%         3    ###....
 Gell's Gravitas          Tloc           #.........   47%         3    ###....
 Petrify                  Tmut/Erth      ##......     52%         4    ####...
 Lee's Rapid Deconstruct  Erth           ###.......   65%         5    ######.
 Metabolic Englaciation   Hex/Ice        #.........   99%         5    ######.
 Yara's Violent Unravell  Hex/Tmut       #.........   99%         5    ######.


Dungeon Overview and Level Annotations

Branches:
Dungeon (4/15)
 Temple: D:4-7

Altars:
Elyvilon
Makhleb
Okawaru
Wu Jian


Innate Abilities, Weirdness & Mutations

Your plain brown scales are hard. (AC +5)
You cannot fit into any form of body armour.
You are cold-blooded and may be slowed by cold attacks.


Message History

b - 49 stones
Casting: Sandblast (safe; 3% risk of failure)
Confirm with . or Enter, or press ? or * to list all spells.
Aiming: Sandblast (safe; 3% risk of failure)
Press: ? - help, Shift-Dir - straight line, f/p - ogre
Aim: an ogre, wielding a +0 giant club (moderately wounded)
The blast of sand hits the ogre.
The ogre is heavily wounded.
b - 48 stones You feel sick.
Casting: Sandblast (safe; 3% risk of failure)
Confirm with . or Enter, or press ? or * to list all spells.
Aiming: Sandblast (safe; 3% risk of failure)
Press: ? - help, Shift-Dir - straight line, f/p - ogre
Aim: an ogre, wielding a +0 giant club (heavily wounded)
The blast of sand hits the ogre!
The ogre is severely wounded.
b - 47 stones The ogre hits you with a +0 giant club!
You die...

### #.. ### #)# #.# #.#
#.# #.# # #.# # ##.##.#
#.# .# ......# #@#
###.##### ##.#### #O#
#...O.... ##.# ###)#
#O# ##.###### #.#.# #.#
........##.###.#.####.#
##.####............O..#
#.# ...##......### #.#
............# #.#
...##........[..


You could see an ogre.

Vanquished Creatures
  A scorpion (D:4)
  5 adders
  2 oozes (D:2)
  2 dart slugs
  An orc (D:3)
  4 giant cockroaches
  9 hobgoblins
  6 jackals
  A quokka (D:4)
  5 bats
  9 frilled lizards
  7 goblins
  3 kobolds
  A quokka skeleton (D:4)
  5 rats
61 creatures vanquished.

Notes
Turn   | Place    | Note
-------+----------+-------------------------------------------
     0 | D:1      | Folque the Draconian Earth Elementalist began the quest for
                  | the Orb.
     0 | D:1      | Reached XP level 1. HP: 14/14 MP: 3/3
   194 | D:1      | Reached XP level 2. HP: 12/22 MP: 5/5
   340 | D:1      | Reached skill level 1 in Fighting
   605 | D:1      | Learned a level 2 spell: Passwall
   941 | D:2      | Reached XP level 3. HP: 27/28 MP: 2/6
   995 | D:2      | Found a burning altar of Makhleb.
   995 | D:2      | Found an ornate altar of the Wu Jian Council.
  1110 | D:2      | Learned a level 3 spell: Stone Arrow
  1535 | D:2      | Reached XP level 4. HP: 30/36 MP: 8/8
  1969 | D:3      | Found a white marble altar of Elyvilon.
  1983 | D:3      | Reached skill level 1 in Conjurations
  2117 | D:3      | Found an iron altar of Okawaru.
  2669 | D:4      | Reached skill level 4 in Earth Magic
  2772 | D:4      | Reached XP level 5. HP: 16/41 MP: 0/10
  2780 | D:4      | Noticed an ogre
  2794 | D:4      | Slain by an ogre

Skill      XL: |  1  2  3  4 |
---------------+-------------+-----
Fighting       | 1 2 |  2.0
Spellcasting   | 3 |  3.6
Conjurations   | 1 |  1.0
Earth Magic    | 4 |  4.2
Dodging        | |  1.7
Stealth        | |  1.7
Transmutations | |  1.0

Action                   |  1- 3 |  4- 6 || total
-------------------------+-------+-------++-------
Melee: Unarmed           |    34 |       ||    34
       Tailslap          |     4 |     3 ||     7
       Short sword       |   104 |    80 ||   184
 Cast: Sandblast         |    16 |    20 ||    36
       Stone Arrow       |     2 |     2 ||     4
       Passwall          |       |     1 ||     1
  Use: Scroll            |     2 |     3 ||     5
       Potion            |       |     5 ||     5
 Stab: Sleeping          |     3 |       ||     3
  Eat: Chunk             |     3 |     4 ||     7
Armor: Skin              |    49 |    33 ||    82
Dodge: Dodged            |    83 |    53 ||   136
